 Dungeon Crawl Stone Soup version 0.27-a0-279-gdfb9265905 (webtiles) character file.

Game seed: 11076584895056218288

383 gimp the Digger (level 6, -6/53 HPs)
             Began as a Troll Earth Elementalist on Feb 7, 2021.
             Was an Initiate of Gozag.
             Mangled by Duvessa
             ... wielding a +4 short sword of speed
              (17 damage)
             ... on level 5 of the Dungeon.
             The game lasted 00:07:19 (3556 turns).

gimp the Digger (Troll Earth Elementalist)          Turns: 3556, Time: 00:07:19

Health: -6/53      AC:  7    Str: 17    XL:     6   Next: 47%
Magic:  8/8        EV:  9    Int: 13    God:    Gozag
Gold:   359        SH:  0    Dex: 10    Spells: 1/9 levels left

rFire    + + .     SeeInvis .     - Unarmed
rCold    + . .     Faith    .   (no shield)
rNeg     . . .     Spirit   .   c - +1 robe
rPois    .         Reflect  .   (helmet restricted)
rElec    .         Harm     .   q - scarf {rC+ rF+}
rCorr    .         Rampage  .   (gloves unavailable)
Will     .....                  (boots unavailable)
Stlth    +.........             (no amulet)
HPRegen  0.57/turn              m - ring of flight
MPRegen  0.11/turn              p - ring of protection from fire

@: gold aura
A: large, unfitting armour, claws 3, regeneration 1, shaggy fur 1, tough skin 3
a: Renounce Religion, Evoke Flight, Potion Petition, Call Merchant, Bribe Branch


You were on level 5 of the Dungeon.
You worshipped Gozag.
Gozag was aware of your devotion.
You visited 2 branches of the dungeon, and saw 6 of its levels.

You collected 452 gold pieces.
You paid 93 gold pieces to Gozag.

Inventory:

Missiles
 b - 246 stones
 g - 29 poisoned darts
Armour
 c - a +1 robe (worn)
 q - a scarf of resistance (worn)
Jewellery
 m - a ring of flight (left claw)
 p - a ring of protection from fire (right claw)
Wands
 n - a wand of iceblast (9)
 r - a wand of digging (4)
Scrolls
 a - 2 scrolls of fear
 d - a scroll of fog
 e - 3 scrolls of enchant weapon
 j - a scroll of remove curse
 k - 4 scrolls of teleportation
 s - a scroll of blinking
Potions
 f - 4 potions of curing {unknown}
 h - 2 potions of attraction
 i - a potion of flight
 l - a potion of lignification
 o - a potion of haste
 t - a potion of invisibility {unknown}


   Skills:
 - Level 1.5 Dodging
 - Level 1.0 Stealth
 * Level 3.6 Unarmed Combat
 - Level 2.0 Spellcasting
 + Level 2.0 Transmutations
 * Level 4.5 Earth Magic


You had one spell level left.
You knew the following spells:

 Your Spells              Type           Power        Failure   Level
a - Sandblast             Erth           26%          4%          1
b - Passwall              Tmut/Erth      7%           10%         2
c - Petrify               Tmut/Erth      9%           54%         4
d - Apportation           Tloc           2%           26%         1

Your spell library contained the following spells:

 Spells                   Type           Power        Failure   Level
 Animate Skeleton         Necr           2%           26%         1
 Corona                   Hex            1%           26%         1
 Summon Small Mammal      Summ           4%           26%         1
 Stone Arrow              Conj/Erth      14%          30%         3
 Lee's Rapid Deconstruct  Erth           6%           73%         5


Dungeon Overview and Level Annotations

Branches:
Dungeon (5/15)             Temple (1/1) D:4

Altars:
Ashenzari
Cheibriados
Dithmenos
Elyvilon
Fedhas
Gozag
Hepliaklqana
Kikubaaqudgha
Makhleb
Nemelex Xobeh
Okawaru
Qazlal
Ru
Sif Muna
Trog
Uskayaw
Vehumet
Wu Jian
Xom
Yredelemnul
The Shining One

Annotations:
D:5 Duvessa


Innate Abilities, Weirdness & Mutations

You are too large for most types of armour.
You have claws for hands.
Your natural rate of healing is unusually fast.
You are covered in fur. (AC +1)
You have extremely tough skin. (AC +3)


Message History

Dowan hits you but does no damage.
You closely miss Duvessa.
Duvessa is severely wounded.
Duvessa hits you with a +4 short sword of speed!
Duvessa hits you with a +4 short sword of speed.
* * * LOW HITPOINT WARNING * * *
Dowan gestures wildly while chanting.
Dowan blinks!
You take 15 damage, and have 10/53 hp.
MASSIVE DAMAGE!!
Aiming: Iceblast
Press: ? - help, Shift-Dir - straight line The mass of ice explodes!
The iceblast engulfs Dowan!
You kill Dowan!
Duvessa screams, "No!
How DARE you!"
Duvessa goes berserk!
The iceblast engulfs Duvessa.
Duvessa is severely wounded.
Duvessa barely misses you.
Duvessa hits you with a +4 short sword of speed!
You die...
Your body crumbles into a pile of gold.

#..##..####+###.
#...............
+...............
#...............
##.####.##..##..
..##############'##..##..
.........................
.........................
$
.....$.e@................
........ยง................
(........................
#########################


You could see Duvessa (berserk, fast).

Vanquished Creatures
  Dowan (D:5)
  2 scorpions (D:4)
  A hound (D:4)
  An orc priest (D:4)
  An orc wizard (D:2)
  2 worker ants (D:5)
  4 adders
  An ufetubus (D:4)
  An ooze (D:3)
  A worm (D:3)
  2 dart slugs (D:1)
  5 leopard geckos
  12 orcs
  5 ball pythons (D:2)
  3 giant cockroaches
  6 goblins
  9 hobgoblins
  5 jackals
  6 kobolds
  3 quokkas
  8 bats
  8 frilled lizards
  A jackal skeleton (D:4)
  A leopard gecko skeleton (D:4)
  2 rats
91 creatures vanquished.

Notes
Turn   | Place    | Note
-------+----------+-------------------------------------------
     0 | D:1      | gimp the Troll Earth Elementalist began the quest for the
                  | Orb.
     0 | D:1      | Reached XP level 1. HP: 16/16 MP: 1/1
    82 | D:1      | Reached XP level 2. HP: 20/24 MP: 2/2
   119 | D:1      | Reached skill level 1 in Unarmed Combat
   140 | D:1      | Reached skill level 3 in Earth Magic
   246 | D:1      | Reached skill level 1 in Transmutations
   624 | D:2      | Reached XP level 3. HP: 29/31 MP: 4/4
   827 | D:2      | Reached XP level 4. HP: 12/39 MP: 5/5
  1517 | D:3      | Found a stormy altar of Qazlal.
  1990 | D:3      | Reached XP level 5. HP: 33/45 MP: 6/6
  2622 | D:4      | Found a staircase to the Ecumenical Temple.
  2634 | D:4      | Reached skill level 4 in Earth Magic
  2635 | Temple   | Entered the Ecumenical Temple
  2657 | Temple   | Became a worshipper of Gozag Ym Sagoz the Greedy
  2756 | D:4      | Reached XP level 6. HP: 45/53 MP: 7/7
  2783 | D:4      | Learned a level 2 spell: Passwall
  2788 | D:4      | Learned a level 4 spell: Petrify
  3219 | D:5      | Entered Level 5 of the Dungeon
  3343 | D:5      | Learned a level 1 spell: Apportation
  3537 | D:5      | Noticed Dowan
  3538 | D:5      | Noticed Duvessa
  3556 | D:5      | Killed Dowan
  3556 | D:5      | Mangled by Duvessa

Illustrated notes

Levels and vault maps discovered:
D:1:      moated_graveyard_arrival, layout_rooms
D:2:      layout_basic, minmay_shallow_snake_nest
D:3:      layout_basic, nicolae_qazlal_eye_of_the_storm
D:4:      kennysheep_six_static_rooms, layout_gridville,
          minmay_temple_entry_antechambers
D:5:      layout_gridville, gammafunk_ghost_grave, chequers_garden, minivault_5,
          minmay_fractal_squares_diagonal_5, uniq_crazy_yiuf_cottage,
          uniq_duvessa
Temple:   compressed_dpeg_circular_temple

Skill      XL: |  1  2  3  4  5  6 |
---------------+-------------------+-----
Unarmed Combat | 1 2 3 |  3.6
Earth Magic    | 3 4 |  4.5
Transmutations | 1 2 |  2.0
Spellcasting   | 2 |  2.0
Dodging        | |  1.5
Stealth        | |  1.0

Action                   |  1- 3 |  4- 6 || total
-------------------------+-------+-------++-------
Melee: Unarmed           |    91 |   217 ||   308
       Punch             |       |     2 ||     2
 Cast: Sandblast         |       |     1 ||     1
Evoke: Wand              |       |     2 ||     2
  Use: Scroll            |       |    15 ||    15
       Potion            |       |     1 ||     1
 Stab: Sleeping          |     1 |     2 ||     3
Armor: Robe              |    51 |   118 ||   169
Dodge: Dodged            |    47 |   101 ||   148

Table legend: (Time is in decaauts)
 A = Elapsed time spent in this place.
 B = Non-inter-level travel time spent in this place.
 C = Inter-level travel time spent in this place.
 D = Time resting spent in this place.
 E = Time spent auto-exploring this place.
 F = Levels seen in this place.
 G = Mean time per level.
                   A        B        C        D        E       F      G
               +--------+--------+--------+--------+--------+-----+--------+
         Total |   3543 |   3288 |    255 |      0 |   2436 |   6 |  590.5 |
       Dungeon |   3487 |   3241 |    246 |      0 |   2425 |   5 |  697.4 |
        Temple |     55 |     46 |      9 |      0 |     11 |   1 |   55.0 |
               +--------+--------+--------+--------+--------+-----+--------+

Top non-repeatable levels by time:
     D:3: 1007 daAuts
     D:2: 903 daAuts
     D:4: 732 daAuts
     D:1: 548 daAuts
     D:5: 295 daAuts
  Temple: 55 daAuts
